 Dungeon Crawl Stone Soup version 0.20.0-8-g6b59dc7 (webtiles) character file.

1386 Inarius the Stinger (level 8, -2/59 HPs)
             Began as a Pale Draconian Venom Mage on May 30, 2017.
             Was an Initiate of Vehumet.
             Slain by a gargoyle
             ... wielding a +0 flail
              (7 damage)
             ... on level 6 of the Dungeon.
             The game lasted 00:21:26 (5905 turns).

Inarius the Stinger (Pale Draconian Venom Mage)     Turns: 5905, Time: 00:21:27

Health: -2/59      AC: 13    Str: 10    XL:     8   Next: 40%
Magic:  24/24      EV: 20    Int: 17    God:    Vehumet [......]
Gold:   293        SH:  0    Dex: 18    Spells: 9/16 levels left

rFire    . . .     SeeInvis .   s - +1 long sword
rCold    . . .     Gourm    .   (no shield)
rNeg     . . .     Faith    .   (armour unavailable)
rPois    .         Spirit   .   (helmet restricted)
rElec    .         Reflect  .   p - +0 cloak
rCorr    .         Harm     .   v - +0 pair of gloves
MR       .....                  (no boots)
Stlth    +++.......             (no amulet)
Regen    0.2/turn               o - +5 ring of protection
MPRegen  0.2/turn               u - ring of magical power

@: agile, about to teleport, flying
A: breathe steam, unfitting armour, cold-blooded, AC +6
a: Breathe Steam, Renounce Religion


You were on level 6 of the Dungeon.
You worshipped Vehumet.
Vehumet was noncommittal.
You were not hungry.

You visited 2 branches of the dungeon, and saw 7 of its levels.

You collected 293 gold pieces.

Inventory:

Hand Weapons
 j - a +1 spear of piercing
 q - a +0 dagger of flaming
 s - a +1 long sword (weapon)
Armour
 p - a +0 cloak (worn)
 v - a +0 pair of gloves (worn)
Jewellery
 e - a +2 ring of evasion
 k - a +1 ring of protection
 o - a +5 ring of protection (left hand)
 u - a ring of magical power (right hand)
Wands
 n - a wand of random effects (32/48)
Scrolls
 h - 2 scrolls of blinking {unknown}
 r - a scroll of fear
 y - a scroll of fog {unknown}
 z - a scroll of magic mapping {unknown}
 A - a scroll of teleportation
 B - 3 scrolls of enchant weapon
Potions
 c - 2 potions of might {unknown}
 g - 3 potions of mutation {unknown}
 i - 6 potions of curing {unknown}
 l - 2 potions of lignification {unknown}
 C - 3 potions of invisibility
Books
 a - a Young Poisoner's Handbook

   Spells                             Type                      Level
   a - Sting                          Conjuration/Poison           1
   b - Poisonous Vapours              Poison/Air                   2
   c - Mephitic Cloud                 Conjuration/Poison/Air       3
   d - Olgreb's Toxic Radiance        Poison                       4
   e - Venom Bolt                     Conjuration/Poison           5
Comestibles
 b - 9 bread rations
 f - a royal jelly
 m - a chunk of flesh


   Skills:
 + Level 1.3 Fighting
 * Level 4.8 Dodging
 - Level 1.7 Stealth
 + Level 4.9 Spellcasting
 * Level 4.0 Conjurations
 + Level 2.9 Air Magic
 + Level 5.5 Poison Magic
 * Level 2.4 Evocations


You had 9 spell levels left.
You knew the following spells:

 Your Spells              Type           Power        Failure   Level  Hunger
a - Sting                 Conj/Pois      ###.         1%          1    None
b - Poisonous Vapours     Pois/Air       ###...       3%          2    #......
c - Olgreb's Toxic Radia  Pois           ###.....     14%         4    ####...


Dungeon Overview and Level Annotations

Branches:
Dungeon (6/15)             Temple (1/1) D:6

Altars:
Ashenzari
Cheibriados
Dithmenos
Elyvilon
Fedhas
Hepliaklqana
Kikubaaqudgha
Nemelex Xobeh
Okawaru
Ru
Vehumet
Xom
The Shining One

Shops:
D:4 (   D:5 }


Innate Abilities, Weirdness & Mutations

You can breathe blasts of scalding, opaque steam.
Your pale cyan-grey scales are hard. (AC +6)
You cannot fit into any form of body armour.
You are cold-blooded and may be slowed by cold attacks.


Message History

You feel agile all of a sudden. The gargoyle hits you with a flail.
You barely miss the gargoyle.
The gargoyle hurls a stone arrow at you.
The stone arrow hits you!
* * * LOW HITPOINT WARNING * * *
You barely miss the gargoyle.
The gargoyle hurls a stone arrow at you.
The stone arrow misses you.
You hit the gargoyle but do no damage.
You tail-slap the gargoyle, but do no damage.
The gargoyle hurls a stone arrow at you.
The stone arrow misses you. The gargoyle hits you with a flail!
* * * LOW HITPOINT WARNING * * *
You hit the gargoyle but do no damage. The gargoyle barely misses you.
You riposte.
You barely miss the gargoyle.
Okay, then.
As you read the scroll of teleportation, it crumbles to dust.
You feel strangely unstable. The gargoyle hits you with a flail!
You die...

#.......)..>.# #.
######.....### #. #..#
#.....# ## #..# #.###.# #
#..# #..##.######
###########..####..........
##...≈≈≈≈≈##>..#
####..#####
##≈########9###.# #..# #≈##
.P.?≈##@##.# #..# #≈#
.≈P!≈;#.##.# #..### # #≈#
..P≈.;#.##.# #..(.# # #9#+
.≈P.≈≈#≈##<# #....# # #..#
.P(≈≈##≈##.# ###.#..###
##.# ########≈###
#(..##..## #≈≈#
.P([≈##≈#####.#####... ##≈#
.P≈?≈;#≈#.....# #..# ≈#
....≈;#)#....## #...


You could see a gargoyle.

Vanquished Creatures
  Duvessa (D:4)
  2 ogres
  A necrophage (D:6)
  A big kobold (D:5)
  A bullfrog (D:6)
  Dowan (D:4)
  2 howler monkeys (D:6)
  2 crimson imps (D:6)
  A quasit (D:6)
  2 hounds
  An orc priest (D:4)
  2 iguanas (D:5)
  2 orc wizards (D:6)
  A bullfrog skeleton (D:6)
  4 worker ants
  2 hound zombies (D:6)
  A hound skeleton (D:4)
  A howler monkey zombie (D:6)
  A worker ant zombie (D:5)
  3 gnolls (D:2)
  11 adders
  2 shadow imps
  4 oozes
  An adder skeleton (D:4)
  3 worms
  A dart slug (D:2)
  A leopard gecko (D:6)
  18 orcs
  A giant cockroach (D:2)
  11 goblins
  4 hobgoblins (D:3)
  6 jackals
  7 kobolds
  3 quokkas
  2 ball pythons
  6 bats
  6 frilled lizards
  7 rats
126 creatures vanquished.

Notes
Turn   | Place    | Note
-------+----------+-------------------------------------------
     0 | D:1      | Inarius the Draconian Venom Mage began the quest for the Orb.
     0 | D:1      | Reached XP level 1. HP: 14/14 MP: 3/3
   203 | D:1      | Reached XP level 2. HP: 15/20 MP: 3/5
   207 | D:1      | Learned a level 2 spell: Poisonous Vapours
   949 | D:2      | Reached XP level 3. HP: 26/26 MP: 3/6
  1464 | D:2      | Reached skill level 4 in Poison Magic
  1616 | D:2      | Reached XP level 4. HP: 33/33 MP: 0/7
  1622 | D:2      | Learned a level 4 spell: Olgreb's Toxic Radiance
  1711 | D:2      | Reached skill level 1 in Air Magic
  2209 | D:2      | Found a sacrificial altar of Ru.
  2757 | D:3      | Found a shimmering altar of Xom.
  2775 | D:3      | Reached XP level 5. HP: 38/38 MP: 4/8
  2965 | D:3      | Found an iron altar of Okawaru.
  3158 | D:4      | Found a sparkling altar of Nemelex Xobeh.
  3656 | D:4      | Noticed Duvessa
  3656 | D:4      | Noticed Dowan
  3664 | D:4      | Reached XP level 6. HP: 28/45 MP: 2/11
  3666 | D:4      | Killed Dowan
  3669 | D:4      | Killed Duvessa
  3832 | D:4      | Found Imequrghi's Weapon Emporium.
  3878 | D:5      | Entered Level 5 of the Dungeon
  3883 | D:5      | Reached skill level 5 in Poison Magic
  3900 | D:5      | Your scales start taking on a pale cyan-grey colour.
  3900 | D:5      | Reached XP level 7. HP: 50/50 MP: 7/13
  4048 | D:5      | Found Ruruusar's Gadget Shop.
  5106 | D:6      | Reached skill level 1 in Evocations
  5247 | D:6      | Reached skill level 1 in Fighting
  5284 | D:6      | Reached XP level 8. HP: 59/59 MP: 15/15
  5480 | D:6      | Found a white marble altar of Elyvilon.
  5480 | D:6      | Found a shadowy altar of Dithmenos.
  5481 | D:6      | Found a snail-covered altar of Cheibriados.
  5561 | D:6      | Found a staircase to the Ecumenical Temple.
  5578 | Temple   | Entered the Ecumenical Temple
  5621 | Temple   | Became a worshipper of Vehumet
  5881 | D:6      | Noticed a gargoyle
  5905 | D:6      | Slain by a gargoyle

Skill      XL: |  1  2  3  4  5  6  7  8 |
---------------+-------------------------+-----
Dodging        | 2 3 4 |  4.8
Poison Magic   | 4 5 |  5.5
Air Magic      | 1 2 |  2.9
Conjurations   | 2 3 4 |  4.0
Spellcasting   | 3 4 |  4.9
Evocations     | 1 2 |  2.4
Fighting       | 1 |  1.3
Stealth        | |  1.7

Action                   |  1- 3 |  4- 6 |  7- 9 || total
-------------------------+-------+-------+-------++-------
Melee: Dagger            |    48 |     7 |       ||    55
       Tailslap          |     6 |     5 |    12 ||    23
       Long sword        |       |    38 |   115 ||   153
 Cast: Sting             |    28 |    26 |    15 ||    69
       Poisonous Vapours |    14 |    27 |    37 ||    78
       Olgreb's Toxic Ra |       |     8 |     9 ||    17
 Abil: Breathe Steam     |       |       |     2 ||     2
  Use: Scroll            |     1 |     7 |     4 ||    12
       Potion            |       |     1 |     2 ||     3
 Stab: Sleeping          |       |     2 |       ||     2
  Eat: Chunk             |     4 |    10 |     5 ||    19
       Fruit             |       |     1 |       ||     1
       Meat ration       |       |       |     1 ||     1
Armor: Skin              |    17 |    21 |    92 ||   130
Dodge: Dodged            |    27 |    38 |   177 ||   242
       Rpst.: Long sword |       |     8 |    51 ||    59
